 Dungeon Crawl Stone Soup version 0.29.1-2-gbd0b4ee654 (webtiles) character file.

Game seed: 2268752422626986713

132169 Hadkhar the Acrobat (level 17, -9/148 HPs)
             Began as a Merfolk Gladiator on Nov 3, 2022.
             Was the Champion of Qazlal.
             Mangled by a ghoul (20 damage)
             ... while paralysed by a fenstrider witch
             ... on level 3 of the Swamp on Nov 6, 2022.
             The game lasted 03:35:03 (34230 turns).

Hadkhar the Acrobat (Merfolk Gladiator)            Turns: 34230, Time: 03:35:04

Health: -9/148     AC: 22    Str: 24    XL:     17   Next: 11%
Magic:  25/26      EV:  2    Int: 16    God:    Qazlal [******]
Gold:   2439       SH:  0    Dex: 20    Spells: 16/16 levels left

rFire   + + +      SeeInvis .   c - +3 scimitar (elec)
rCold   + . .      Faith    .   V - +5 kite shield
rNeg    + + .      Spirit   .   u - +3 leather armour
rPois   +          Reflect  .   T - +2 helmet of Devotion {Dex+4}
rElec   .          Harm     +   b - +2 cloak "Buwifuokk" {Int+3}
rCorr   .          Rampage  .   K - +5 pair of gloves of True Grit {Harm rC+}
Will    +....                   W - +0 pair of boots "Rasoafoe" {Str+4}
Stlth   ++........              d - amulet of the acrobat
HPRegen 0.34/turn               R - ring of the Middle {Contam Fly rF+++ rN+ Stlth+}
MPRegen 0.20/turn               Y - ring of Canguq {rPois rN+ Int+4 Slay+3}

@: paralysed, protected from physical damage, flying, repel missiles, very quick
A: nimble swimmer 2, mertail
a: Renounce Religion, Upheaval, Elemental Force, Disaster Area


You were on level 3 of the Swamp.
You worshipped Qazlal.
Qazlal was exalted by your worship.
You visited 6 branches of the dungeon, and saw 27 of its levels.
You also visited: Ossuary.

You collected 3165 gold pieces.
You spent 726 gold pieces at shops.

Inventory:

Hand Weapons
 c - a +3 scimitar of electrocution (weapon)
 p - the +11 short sword of the Pillar {drain, Drain rC+++ Dex-2 Stlth+}
   (You found it on level 2 of the Dungeon)

   A truly terrible weapon, it drains the life of any living foe it strikes.
   Dex:       It affects your dexterity (-2).
   rC:        It renders you almost immune to cold.
   Drain:     It drains your maximum health when unequipped.
   Stlth:     It makes you more stealthy.
 Q - the +9 longbow "Lutir" {flame, rC+ Str-3 Int+3 Dex+4}
   (You found it on level 15 of the Dungeon)

   Any ammunition fired from it burns those it strikes, dealing additional fire
   damage.
   Str:       It affects your strength (-3).
   Int:       It affects your intelligence (+3).
   Dex:       It affects your dexterity (+4).
   rC:        It protects you from cold.
Armour
 b - the +2 cloak "Buwifuokk" (worn) {Int+3}
   (You bought it in a shop on level 11 of the Dungeon)

   Int:       It affects your intelligence (+3).
 g - a +0 buckler of reflection
 u - a +3 leather armour (worn)
 K - the +5 pair of gloves of True Grit (worn) {Harm rC+}
   (You found it on level 7 of the Dungeon)

   rC:        It protects you from cold.
   Harm:      It increases damage dealt and taken.
 T - the +2 helmet of Devotion (worn) {Dex+4}
   (You found it on level 3 of the Lair of Beasts)

   Dex:       It affects your dexterity (+4).
 V - a +5 kite shield (worn)
 W - the +0 pair of boots "Rasoafoe" (worn) {Str+4}
   (You found it on level 2 of the Lair of Beasts)

   Str:       It affects your strength (+4).
Jewellery
 d - an amulet of the acrobat (around neck)
 R - the ring of the Middle (left hand) {Contam Fly rF+++ rN+ Stlth+}
   (You found it on level 1 of the Lair of Beasts)

   [ring of flight]

   rF:        It renders you almost immune to fire.
   rN:        It protects you from negative energy.
   Fly:       It grants you flight.
   Contam:    It causes magical contamination when unequipped.
   Stlth:     It makes you more stealthy.
 Y - the ring of Canguq (right hand) {rPois rN+ Int+4 Slay+3}
   (You found it on level 2 of the Lair of Beasts)

   [ring of positive energy]

   Int:       It affects your intelligence (+4).
   Slay:      It affects your accuracy & damage with ranged weapons and melee
   (+3).
   rPois:     It protects you from poison.
   rN:        It protects you from negative energy.
 Z - an amulet of guardian spirit
Wands
 e - a wand of iceblast (29)
 j - a wand of polymorph (21)
 G - a wand of paralysis (12)
 L - a wand of light (12)
 S - a wand of flame (41) (quivered)
 X - a wand of mindburst (5)
Scrolls
 a - 8 scrolls of magic mapping
 h - a scroll of enchant armour
 k - 7 scrolls of teleportation
 l - 3 scrolls of vulnerability {unknown}
 n - 10 scrolls of immolation
 r - 3 scrolls of brand weapon
 s - a scroll of amnesia {unknown}
 v - 2 scrolls of identify
 w - 2 scrolls of poison {unknown}
 y - 5 scrolls of noise
 C - 4 scrolls of butterflies {unknown}
 D - 8 scrolls of fear
 F - 3 scrolls of silence
 M - a scroll of torment {unknown}
 O - 3 scrolls of blinking
Potions
 f - 7 potions of lignification
 i - 11 potions of curing
 m - 10 potions of might
 o - a potion of heal wounds
 q - 4 potions of attraction
 t - 4 potions of cancellation
 x - 2 potions of resistance
 z - 4 potions of magic
 A - 6 potions of haste
 B - 3 potions of invisibility
 E - 4 potions of berserk rage
 I - 5 potions of mutation
 J - a potion of ambrosia {unknown}
 N - 3 potions of flight
 P - 3 potions of degeneration {unknown}
 U - 7 potions of brilliance {unknown}


   Skills:
 + Level 17.5 Fighting
 - Level 12.0(12.7) Short Blades
 * Level 7.2(10.5) Long Blades
 - Level 5.0 Polearms
 - Level 2.0 Throwing
 + Level 22.2 Dodging
 - Level 8.1 Stealth
 + Level 7.1 Shields
 - Level 12.5 Invocations
 - Level 3.7 Evocations


You had 16 spell levels left.
You didn't know any spells.
Your spell library contained the following spells:

 Spells                   Type           Power      Damage    Failure   Level
 Magic Dart               Conj           0%         1d3       58%         1
 Ensorcelled Hibernation  Hex/Ice        0%         N/A       75%         2
 Passwall                 Tmut/Erth      0%         N/A       75%         2
 Searing Ray              Conj           0%         2d4       75%         2
 Swiftness                Air            0%         N/A       92%         3
 Fulminant Prism          Conj/Hex       0%         3d6       100%        4


Dungeon Overview and Level Annotations

Branches:
Dungeon (15/15)            Temple (1/1) D:4            Lair (5/5) D:10
  Swamp (3/4) Lair:2       Spider (1/4) Lair:2        Slime (0/5) Lair:4
    Orc (2/2) D:9             Elf (0/3) Orc:2        Vaults (0/5) D:13
 Depths (0/4) D:15        Ossuary (visited)

Altars:
Ashenzari
Cheibriados
Dithmenos
Elyvilon
Fedhas
Gozag
Hepliaklqana
Kikubaaqudgha
Makhleb
Nemelex Xobeh
Okawaru
Qazlal
Ru
Sif Muna
Trog
Uskayaw
Vehumet
Wu Jian
Xom
Yredelemnul
Zin
The Shining One
Jiyva

Shops:
D:6 *   D:11 *   Orc:2 ?=*=[:**

Annotations:
Swamp:3 1 runed translucent door, Suryr's ghost, adept GnHW


Innate Abilities, Weirdness & Mutations

You are very nimble when in or above water. (Stealth+, EV+, Speed+++)
Your lower body shifts to a powerful aquatic tail in water.


Message History

Qazlal accepts your kill.
You block the fenstrider witch's attack. x2
A spriggan druid comes into view. It is wielding a +0 quarterstaff.
You slash the ghoul!
The ghoul is lightly damaged.
The ghoul closely misses you. You block the ghoul's attack.
The fenstrider witch casts a spell at you.
Your body is wracked with pain!
* * * LOW HITPOINT WARNING * * *
The bunyip howls a warning cry!
You hear a deafening roar!
Press: ? - help, v - describe, . - travel, g - get item
Here: a fenstrider witch, wearing a +0 robe Item here: a necrophage corpse.
Some shallow water.
Unknown command.
You feel much better.
The fenstrider witch points at you and mumbles some strange words.
You suddenly lose the ability to move!
The ghoul claws you but does no damage. The ghoul claws you!
* * * LOW HITPOINT WARNING * * *
You feel protected from physical attacks.
The fenstrider witch points at you and mumbles some strange words.
Your body is wracked with pain!
* * * LOW HITPOINT WARNING * * *
The spriggan druid calls out to the beasts of the wild!
The bunyip is engulfed in freezing vapours.
A four-headed hydra comes into view.
The ghoul claws you but does no damage. The ghoul claws you.
* * * LOW HITPOINT WARNING * * *
You feel more protected from physical attacks.
The fenstrider witch hits you.
* * * LOW HITPOINT WARNING * * *
You feel more protected from physical attacks.
The fenstrider witch barely misses you.
The bunyip is engulfed in freezing vapours.
The ghoul claws you.
* * * LOW HITPOINT WARNING * * *
The ghoul claws you!
You die...

#.≈.# ~ #.~W#
.~ ##+##♣
♣♣H♣†...♣
♣......~♣
♣♣..n.~†♣♣
♣.~~§♣xi♣
♣♣~♣♣♣nH♣♣
♣♣♣♣☼@~.♣♣
♣♣.♣~§~.~.♣
♣.~~..~○♣..♣
...~.....♣♣♣♣♣
~D.~♣♣♣♣♣♣
.♣♣♣


You could see a ghoul, a bunyip (catching breath), a four-headed hydra, a
fenstrider witch, a spriggan druid and Suryr's ghost.

Vanquished Creatures
  A ghoul (Swamp:3)
  An eleionoma (Swamp:2)
  A very ugly thing (D:15)
  Nessos (Lair:4)
  A bunyip (Swamp:2)
  Josephine (Lair:5)
  A great orb of eyes (D:15)
  An ice dragon (Lair:4)
  3 boulder beetles
  8 vault guards
  A rakshasa (D:15)
  10 hydras
  Fannar (Lair:1)
  5 ogre magi
  A ghost crab (Swamp:2)
  5 catoblepae
  21 two-headed ogres
  7 centaur warriors
  Erica (Lair:1)
  6 alligators
  13 death yaks
  4 tengu warriors
  An orc high priest (Orc:2)
  Sonja (D:12)
  The ghost of duchin the Markself, a novice DEHu of Uskayaw (D:10)
  The ghost of BlackCrag the Thaumaturge, a novice DEAE of Vehumet (D:10)
  Lodul (D:13)
  A death drake (Swamp:2)
  3 goliath frogs
  A steelbarb worm (Spider:1)
  2 orb spiders (Spider:1)
  3 bog bodies
  2 swamp dragons
  4 orc knights
  Pikel (D:7)
  2 deep elf pyromancers
  9 ugly things
  An orc sorcerer (Orc:2)
  6 manticores
  5 wolf spiders
  5 cyclopes
  3 oklob plants (Lair:1)
  4 will-o-the-wisps
  8 black mambas
  Joseph (D:7)
  A torpor snail (Lair:5)
  Maurice (D:12)
  Maggie (Lair:1)
  11 cane toads
  Psyche (D:12)
  A cane toad (shapeshifter) (D:15)
  A demonic crawler (Spider:1)
  7 komodo dragons
  2 unseen horrors
  2 freezing wraiths (D:14)
  A tengu conjurer (D:14)
  3 polar bears (Lair:4)
  5 tyrant leeches
  3 meliai (D:15)
  5 trolls
  A wind drake (shapeshifter) (D:14)
  16 slime creatures
  3 tarantellas (Spider:1)
  6 hornets
  15 blink frogs
  Sigmund (D:4)
  5 culicivoras (Spider:1)
  A shadow (D:11)
  4 jumping spiders (Spider:1)
  A culicivora (shapeshifter) (D:13)
  4 spriggans
  9 wraiths
  A wyvern (Lair:2)
  48 yaks
  10 redbacks
  4 basilisks
  3 vampire mosquitoes (D:12)
  8 wargs
  Edmund (D:4)
  14 swamp worms
  2 acid dragons
  Duvessa (D:7)
  9 water moccasins
  19 orc warriors
  3 black bears
  2 swamp drakes (Swamp:1)
  2 ice beasts
  4 hornet zombies (Ossuary)
  4 wolves
  34 ogres
  3 boggarts (D:15)
  4 lemures
  6 centaurs
  3 phantoms
  Blork the orc (D:4)
  A kobold brigand (D:9)
  9 bullfrogs
  A necrophage (Swamp:3)
  A gnoll sergeant (D:13)
  2 wyvern zombies (Ossuary)
  2 scorpions
  A water moccasin zombie (Ossuary)
  6 wights
  Dowan (D:7)
  2 howler monkeys (D:10)
  4 killer bees (D:8)
  A vampire bat (Orc:2)
  5 bullfrog zombies (Ossuary)
  14 orc priests
  Crazy Yiuf (D:4)
  4 hounds
  4 jellies
  4 centaur zombies (Ossuary)
  A gnoll bouda (D:7)
  5 iguanas
  21 orc wizards
  4 killer bee zombies (Ossuary)
  A boggart simulacrum (D:14)
  11 mummies (Ossuary)
  3 howler monkey zombies (Ossuary)
  18 gnolls
  7 adders
  2 white imps
  2 ufetubi (D:5)
  5 worms
  3 dart slugs
  70 orcs
  9 ball pythons
  9 endoplasms
  2 giant cockroaches
  7 hobgoblins
  6 jackals (D:2)
  7 quokkas
  12 bats
  2 frilled lizards
  6 goblins
  14 kobolds
  3 rats
750 creatures vanquished.

Vanquished Creatures (collateral kills)
  4 yaks (Lair:4)
4 creatures vanquished.

Vanquished Creatures (others)
  A bloated husk (Swamp:2)
  A troll (D:13)
  An ogre (D:13)
  A boggart (D:15)
  16 foxfires
  25 fungi
  31 plants
  12 withered plants
88 creatures vanquished.

Grand Total: 842 creatures vanquished

Notes
Turn   | Place    | Note
-------+----------+-------------------------------------------
     0 | D:1      | Hadkhar the Merfolk Gladiator began the quest for the Orb.
     0 | D:1      | Reached XP level 1. HP: 16/16 MP: 1/1
   219 | D:1      | Reached XP level 2. HP: 18/23 MP: 2/2
   539 | D:1      | Reached skill level 1 in Stealth
   977 | D:2      | Reached XP level 3. HP: 20/28 MP: 3/3
  1272 | D:2      | Found a faded altar of an unknown god.
  1348 | D:2      | Reached skill level 5 in Polearms
  1652 | D:2      | Identified the +11 short sword of the Pillar {drain, Drain
                  | rC+++ Dex-2 Stlth+}
  1684 | D:2      | Reached XP level 4. HP: 28/34 MP: 4/4
  1691 | D:2      | Reached skill level 1 in Short Blades
  2454 | D:3      | Reached XP level 5. HP: 41/41 MP: 5/5
  2866 | D:3      | Reached skill level 5 in Dodging
  2971 | D:3      | Found an ancient bone altar of Kikubaaqudgha.
  3043 | D:4      | Noticed a black bear
  3160 | D:4      | Killed a black bear
  3161 | D:4      | Reached XP level 6. HP: 16/48 MP: 6/6
  3468 | D:4      | Found a runed translucent door.
  3469 | D:4      | Noticed Crazy Yiuf
  3679 | D:4      | Noticed a black bear
  3684 | D:4      | Killed a black bear
  3689 | D:4      | Reached XP level 7. HP: 32/54 MP: 7/7
  3992 | D:4      | Noticed Edmund
  4010 | D:4      | Killed Edmund
  4011 | D:4      | Reached skill level 6 in Dodging
  4239 | D:4      | Reached skill level 5 in Short Blades
  4278 | D:4      | Noticed Blork the orc
  4285 | D:4      | Killed Blork the orc
  4526 | D:4      | Noticed Sigmund
  4533 | D:4      | Killed Sigmund
  4534 | D:4      | Reached skill level 5 in Fighting
  4534 | D:4      | Reached XP level 8. HP: 58/62 MP: 8/8
  4679 | D:4      | Found a staircase to the Ecumenical Temple.
  4784 | Temple   | Entered the Ecumenical Temple
  5163 | Temple   | Became a worshipper of Qazlal Stormbringer
  5286 | D:4      | Killed Crazy Yiuf
  5288 | D:4      | Identified the +8 hammer of the Sea {flame, rC+}
  5357 | D:5      | Entered Level 5 of the Dungeon
  5389 | D:5      | Reached skill level 7 in Dodging
  5389 | D:5      | Reached skill level 5 in Stealth
  5477 | D:5      | Found a sacrificial altar of Ru.
  5606 | D:5      | Found a sand-covered staircase.
  5618 | Ossuary  | Entered an ossuary
  5663 | Ossuary  | Reached * piety under Qazlal
  5664 | Ossuary  | Reached XP level 9. HP: 60/69 MP: 9/9
  5914 | Ossuary  | Reached skill level 8 in Dodging
  6637 | D:5      | Reached ** piety under Qazlal
  7182 | D:6      | Found Siqaod's General Store.
  7298 | D:6      | Found an opulent altar of Gozag.
  7426 | D:6      | Noticed a hornet
  7433 | D:6      | Killed a hornet
  7618 | D:7      | Noticed Pikel
  7619 | D:7      | Paralysed by Pikel for 2 turns
  7822 | D:7      | Noticed Duvessa
  7838 | D:7      | Reached skill level 9 in Dodging
  7839 | D:7      | Noticed Dowan
  7850 | D:7      | Killed Duvessa
  7851 | D:7      | Reached skill level 10 in Short Blades
  7851 | D:7      | Reached XP level 10. HP: 77/79 MP: 10/10
  7873 | D:7      | Killed Dowan
  7904 | D:7      | Paralysed by Pikel for 4 turns
  7912 | D:7      | Killed Pikel
  8103 | D:7      | Noticed Joseph
  8335 | D:7      | Identified the +5 pair of gloves of True Grit {Harm rC+}
  8483 | D:7      | Reached *** piety under Qazlal
  8622 | D:7      | Killed Joseph
 10369 | D:8      | Reached skill level 10 in Dodging
 10374 | D:8      | Reached skill level 1 in Invocations
 10540 | D:8      | Killed an unseen horror
 10826 | D:8      | Noticed a boulder beetle
 11235 | D:8      | Reached XP level 11. HP: 72/87 MP: 12/12
 11591 | D:9      | Reached **** piety under Qazlal
 11737 | D:9      | Reached skill level 11 in Dodging
 11830 | D:9      | Found a staircase to the Orcish Mines.
 12370 | D:10     | Entered Level 10 of the Dungeon
 12516 | D:10     | Noticed a two-headed ogre
 12521 | D:10     | Killed a two-headed ogre
 13004 | D:10     | Found a staircase to the Lair.
 13105 | D:10     | Reached skill level 12 in Dodging
 13177 | D:10     | Found a runed translucent gate.
 13178 | D:10     | Found a runed translucent gate.
 13179 | D:10     | Found a runed translucent gate.
 13180 | D:10     | Noticed duchin's ghost (novice DEHu)
 13181 | D:10     | Noticed BlackCrag's ghost (novice DEAE)
 13753 | Lair:1   | Entered Level 1 of the Lair of Beasts
 13782 | D:10     | Reached skill level 5 in Invocations
 14186 | Lair:1   | Reached skill level 13 in Dodging
 14619 | Lair:1   | Identified the ring of the Middle {Contam Fly rF+++ rN+
                  | Stlth+}
 14745 | Lair:1   | Reached skill level 10 in Fighting
 14745 | Lair:1   | Reached XP level 12. HP: 97/97 MP: 16/16
 14750 | Lair:1   | Noticed Erica
 14768 | Lair:1   | Killed Erica
 15096 | Lair:1   | Noticed Fannar
 15096 | Lair:1   | Noticed Maggie
 15110 | Lair:1   | Killed Maggie
 15121 | Lair:1   | Killed Fannar
 15122 | Lair:1   | Reached skill level 14 in Dodging
 16059 | Lair:2   | Found a hole to the Spider Nest.
 16114 | Lair:2   | Identified the +0 pair of boots "Rasoafoe" {Str+4}
 16580 | Lair:2   | Noticed a five-headed hydra
 16594 | Lair:2   | Killed a five-headed hydra
 16595 | Lair:2   | Reached skill level 15 in Dodging
 16746 | Lair:2   | Identified the ring of Canguq {rPois rN+ Int+4 Slay+3}
 16752 | Lair:2   | Noticed an eight-headed hydra
 16763 | Lair:2   | Killed an eight-headed hydra
 16916 | Lair:2   | Noticed a five-headed hydra
 16940 | Lair:2   | Killed a five-headed hydra
 16940 | Lair:2   | Reached ***** piety under Qazlal
 17290 | Lair:2   | Noticed a four-headed hydra
 17300 | Lair:2   | Killed a four-headed hydra
 17354 | Lair:2   | Noticed a seven-headed hydra
 17370 | Lair:2   | Killed a seven-headed hydra
 17371 | Lair:2   | Reached skill level 16 in Dodging
 17371 | Lair:2   | Reached XP level 13. HP: 70/106 MP: 19/19
 17572 | Lair:2   | Found a staircase to the Swamp.
 17989 | Lair:3   | Identified the +2 helmet of Devotion {Dex+4}
 18535 | Lair:3   | Reached skill level 17 in Dodging
 19387 | Lair:4   | Found a viscous altar of Jiyva.
 19389 | Lair:4   | Found a staircase to the Slime Pits.
 19601 | Lair:4   | Noticed Nessos
 19641 | Lair:4   | Killed Nessos
 19810 | Lair:4   | Noticed an ice dragon
 19857 | Lair:4   | Killed an ice dragon
 19858 | Lair:4   | Reached skill level 18 in Dodging
 20121 | Lair:5   | Entered Level 5 of the Lair of Beasts
 20484 | Lair:5   | Reached skill level 10 in Invocations
 20491 | Lair:5   | Reached XP level 14. HP: 56/116 MP: 21/21
 21081 | Lair:5   | Reached skill level 19 in Dodging
 21551 | Lair:5   | Noticed Josephine
 21570 | Lair:5   | Killed Josephine
 22841 | D:11     | Found Usally's Assorted Antiques.
 22850 | D:11     | Bought a brightly glowing cloak for 199 gold pieces
 22850 | D:11     | Identified the +2 cloak "Buwifuokk" {Int+3} (You bought it
                  | in a shop on level 11 of the Dungeon)
 22996 | D:12     | Noticed Psyche
 22997 | D:12     | Noticed Maurice
 23011 | D:12     | Killed Psyche
 23016 | D:12     | Killed Maurice
 23088 | D:12     | Noticed Sonja
 23102 | D:12     | Killed Sonja
 23662 | D:13     | Noticed Lodul
 23696 | D:13     | Reached skill level 20 in Dodging
 23699 | D:13     | Killed Lodul
 24139 | D:13     | Reached XP level 15. HP: 127/127 MP: 23/23
 24168 | D:12     | Reached skill level 15 in Fighting
 24875 | D:13     | Found a shimmering blue altar of Sif Muna.
 25001 | D:13     | Found a gate to the Vaults.
 25418 | D:14     | Reached skill level 1 in Shields
 25840 | D:14     | You are sucked into a shaft and drop 1 floor!
 25840 | D:15     | Entered Level 15 of the Dungeon
 26153 | D:15     | Identified the +9 longbow "Lutir" {flame, rC+ Str-3 Int+3
                  | Dex+4}
 26200 | D:15     | Reached ****** piety under Qazlal
 26201 | D:15     | Reached skill level 21 in Dodging
 26327 | D:15     | Found a blossoming altar of Fedhas.
 27047 | D:15     | Found a staircase to the Depths.
 27483 | D:10     | Found an iron altar of Okawaru.
 27483 | D:10     | Found a shadowy altar of Dithmenos.
 27486 | D:10     | Found a glowing silver altar of Zin.
 27568 | D:10     | Killed BlackCrag's ghost
 27585 | D:10     | Killed duchin's ghost
 27586 | D:10     | Reached XP level 16. HP: 139/139 MP: 25/25
 27756 | Orc:1    | Entered Level 1 of the Orcish Mines
 27785 | Orc:1    | Reached skill level 1 in Evocations
 28167 | Orc:2    | Entered Level 2 of the Orcish Mines
 28208 | Orc:2    | Paralysed by something for 4 turns
 28225 | Orc:2    | Paralysed by an ogre mage for 5 turns
 28254 | Orc:2    | Reached skill level 5 in Shields
 28784 | Orc:2    | Paralysed by an orc sorcerer for 2 turns
 29127 | Orc:2    | Found Gyoto's General Store.
 29129 | Orc:2    | Found Uplibeazu's Book Emporium.
 29152 | Orc:2    | Found Ijiewoy's Assorted Antiques.
 30303 | Orc:2    | Reached skill level 1 in Long Blades
 30306 | Orc:2    | Found Recaif's Antique Armour Shoppe.
 30307 | Orc:2    | Found Ceamuot's Jewellery Shop.
 30307 | Orc:2    | Found Hell's Jewellery Emporium.
 30307 | Orc:2    | Found Deoletekk's Assorted Antiques.
 30372 | Orc:2    | Found a staircase to the Elven Halls.
 30457 | Orc:2    | Found Ykoco's Magic Scroll Emporium.
 30465 | Orc:2    | Bought a scroll of teleportation for 33 gold pieces
 30465 | Orc:2    | Bought a scroll of blinking for 82 gold pieces
 30465 | Orc:2    | Bought a scroll of blinking for 82 gold pieces
 30628 | Orc:2    | Bought an amulet of the acrobat for 330 gold pieces
 31105 | Spider:1 | Entered Level 1 of the Spider Nest
 31945 | Lair:4   | You are sucked into a shaft and drop 1 floor!
 32538 | Swamp:1  | Entered Level 1 of the Swamp
 32758 | Swamp:1  | Reached skill level 22 in Dodging
 32998 | Swamp:1  | Reached skill level 5 in Long Blades
 33476 | Swamp:2  | Reached XP level 17. HP: 79/148 MP: 21/26
 34193 | Swamp:3  | Found a runed translucent door.
 34199 | Swamp:3  | Noticed Suryr's ghost (adept GnHW)
 34228 | Swamp:3  | Paralysed by a fenstrider witch for 3 turns
 34230 | Swamp:3  | Mangled by a ghoul

Illustrated notes

Levels and vault maps discovered:
D:1:      beargit_arrival_diablo_church, layout_basic
D:2:      layout_loops_corners, hellmonk_ecumenical_altar_blasted
D:3:      layout_basic, mainiacjoe_overflow_surrounded_room
D:4:      layout_loops_corners, minmay_temple_entry_junction, minmay_cut_off,
          uniq_crazy_yiuf_cottage, uniq_edmund, uniq_blork_the_orc, uniq_sigmund
D:5:      layout_cave_pools, mainiacjoe_overflow_catwalk,
          lightli_ossuary_entry_decrepit_ruins, chequers_jeans
D:6:      layout_basic, old_standard_altar, serial_shops, shop,
          kennysheep_minor_cross
D:7:      layout_cave_pools, nicolae_underground_beach, uniq_pikel, uniq_joseph,
          uniq_duvessa
D:8:      layout_basic, lightli_corner_chamber
D:9:      layout_rooms, david_orc_4, serial_bayou_pond_e, patterned_corridor
D:10:     layout_rooms, nicolae_overflow_hidden_temple, erik_lair_dragon,
          gammafunk_ghost_cemetery
D:11:     layout_roguey, serial_shops, shop_fountains
D:12:     layout_rooms, uniq_sonja, uniq_maurice, uniq_psyche
D:13:     layout_rooms, erik_vaults_2, nicolae_sif_muna_little_library,
          uniq_lodul
D:14:     layout_roguey, palyth_stone_intersect
D:15:     gammafunk_enter_depths_forms, layout_irregular_city,
          serial_park_tiny_2, nrook_uturn, fedhas_altar_1
Temple:   regret_index_temple_sphere_string
Lair:1:   dpeg_oklob_gauntlet, layout_gridlike, lemuel_fruit_tree, uniq_erica,
          uniq_fannar, uniq_maggie
Lair:2:   hellmonk_destroyed_diamonds, layout_long_grid,
          palyth_hydra_swamp_entry, spider_nest_entry_webs, minmay_holes,
          lemuel_fruit_fields
Lair:3:   layout_cellular_growth
Lair:4:   layout_long_grid, minmay_slime_entry_pillars,
          portal_ice_cave_entry_animals_and_master, uniq_nessos
Lair:5:   evilmike_catoblepas_cave, layout_cave_shapes, serial_bayou_shore_b,
          infiniplex_staircase_pool_2, uniq_josephine
Swamp:1:  layout_basic_swamp, evilmike_swamp_ruin_house_5, swamp_pool3
Swamp:2:  layout_falls_marsh, evilmike_swamp_ruin_house_2, swamp_pool5
Swamp:3:  layout_falls_marsh, ebering_ghost_reflecting_pool,
          evilmike_swamp_ruin_rubble_2, swamp_pool3, nicolae_swamp_bean_lake
Spider:1: layout_spider_delve
Orc:1:    layout_caves
Orc:2:    st_orc_ogre_mass, layout_caves, serial_shops, shop_coins,
          roderic_batcave, guppyfry_orc_lava_fort

Skill      XL: |  1  2  3  4  5  6  7  8  9 10 11 12 13 14 15 16 17 |
---------------+----------------------------------------------------+-----
Stealth        | 1 2 3 4 5 7 8 |  8.1
Polearms       | 5 |  5.0
Fighting       | 3 4 5 7 8 10 11 12 14 16 17 | 17.5
Short Blades   | 1 3 4 6 7 10 11 12 | 12.0
Dodging        | 5 6 7 9 10 13 16 18 20 21 22 | 22.2
Invocations    | 2 5 8 10 11 12 | 12.5
Shields        | 4 6 7 |  7.1
Evocations     | 3 |  3.7
Long Blades    | 6 7 |  7.2
Throwing       | |  2.0

Action                   |  1- 3 |  4- 6 |  7- 9 | 10-12 | 13-15 | 16-18 || total
-------------------------+-------+-------+-------+-------+-------+-------++-------
Melee: Trident           |    91 |       |       |       |       |       ||    91
       Punch             |     1 |       |     6 |     8 |     9 |       ||    24
       Short sword       |     3 |    87 |   374 |   604 |  1055 |   226 ||  2349
       Unarmed           |       |       |       |     4 |       |       ||     4
       Scimitar          |       |       |       |       |       |   304 ||   304
Throw: Throwing net      |     1 |       |       |       |       |       ||     1
       Javelin           |       |       |     2 |     3 |       |       ||     5
       Dart              |       |       |       |     4 |       |       ||     4
Invok: Upheaval          |       |       |       |       |     6 |     6 ||    12
       Elemental Force   |       |       |       |       |     1 |       ||     1
Evoke: Wand              |       |       |       |     4 |     3 |       ||     7
  Use: Scroll            |       |       |     4 |     9 |    16 |     6 ||    35
       Potion            |       |       |       |     1 |     4 |     6 ||    11
 Stab: Sleeping          |     3 |     6 |    10 |       |       |       ||    19
       Distracted        |       |       |     2 |       |       |       ||     2
       Paralysed         |       |       |       |       |     1 |       ||     1
       Invisible         |       |       |       |       |     5 |       ||     5
       Petrified         |       |       |       |       |     5 |       ||     5
       Petrifying        |       |       |       |       |     2 |       ||     2
Armor: Leather armour    |    16 |    11 |    55 |   114 |   160 |   110 ||   466
       Skin              |       |       |       |     3 |       |       ||     3
Dodge: Dodged            |    59 |    57 |   157 |   284 |   549 |   386 ||  1492
       Repelled          |       |       |       |     3 |     4 |     3 ||    10
Block: Other             |       |       |    14 |    73 |   123 |       ||   210
       Kite shield       |       |       |       |       |   308 |   697 ||  1005
